 Dungeon Crawl Stone Soup version 0.14.0-17-gc0b17a5 (webtiles) character file.

923 staplegun the Cudgeler (level 7, 0/66 HPs)
             Began as a Deep Dwarf Berserker on Apr 18, 2014.
             Was a Priest of Trog.
             Slain by a troll (13 damage)
             ... on Level 5 of the Dungeon.
             The game lasted 00:06:05 (3616 turns).

staplegun the Cudgeler (Deep Dwarf Berserker)       Turns: 3616, Time: 00:06:05

HP   0/66        AC 13     Str 23      XL: 7   Next: 34%
MP   4/4         EV  9     Int  7      God: Trog [***...]
Gold 244         SH  0     Dex 12      Spells:  0 memorised,  6 levels left

rFire  . . .     SeeInvis .     a - +1,+0 mace
rCold  . . .     Clarity  .     A - +1 scale mail
rNeg   . . .     Conserve .     (no shield)
rPois  .         rCorr    .     s - +1 helmet
rElec  .         rRot     .     p - +1 cloak
SustAb . .       Spirit   .     (no gloves)
rMut   .         Warding  .     h - +0 pair of boots
Saprov . . .     Stasis   .     (no amulet)
MR     +....                    (no ring)
                                (no ring)

@: non-regenerating, heavily drained, somewhat resistant to hostile
enchantments, extremely unstealthy
A: damage resistance, recharge devices, sense surroundings 1, slow healing 3
a: Device Recharging, Burn Spellbooks, Berserk, Trog's Hand, Renounce Religion


You were on level 5 of the Dungeon.
You worshipped Trog.
Trog was most pleased with you.
You were not hungry.

You visited 1 branch of the dungeon, and saw 5 of its levels.

You collected 244 gold pieces.

Inventory:

Hand weapons
 a - a +1,+0 mace (weapon)
Armour
 b - a +0 animal skin
 h - a +0 pair of boots (worn)
 p - a +1 cloak (worn)
 s - a +1 helmet (worn)
 A - a +1 scale mail (worn)
Magical devices
 c - a wand of heal wounds (4)
 l - a wand of flame (13) {unknown}
Comestibles
 d - a bread ration
 i - a pear
 m - 2 chokos
 q - a meat ration
Scrolls
 g - a scroll of teleportation
 j - a scroll of enchant armour
 n - a scroll of fear
 o - a scroll of identify {unknown}
 C - 2 scrolls of remove curse
Jewellery
 e - an uncursed ring of fire {unknown}
 f - an uncursed ring of protection from magic {unknown}
 k - an uncursed ring of invisibility {unknown}
 v - an uncursed ring of poison resistance {unknown}
 E - an uncursed amulet of guardian spirit {unknown}
Potions
 u - a potion of might


   Skills:
 + Level 4.9(2.0) Fighting
 + Level 5.6(2.6) Maces & Flails
 + Level 5.4(2.4) Armour
 - Level 2.1(0.0) Dodging


You had 6 spell levels left.
You didn't know any spells.

Dungeon Overview and Level Annotations

Branches:
Dungeon (5/15)
 Temple: D:4-7

Altars:
Sif Muna
Zin


Innate Abilities, Weirdness & Mutations

You are resistant to damage.
You can recharge devices by infusing magical energy.
You passively map a small area around you.
You do not heal naturally.


Message History

The troll barely misses you. The troll claws you. The troll bites you!
The troll claws you but does no damage. The troll claws you.
You hit the troll.
The troll is lightly wounded.
The troll bites you! The troll claws you but does no damage.
The troll claws you.
You closely miss the troll.
The troll is lightly wounded.
The troll bites you. The troll claws you but does no damage.
The troll barely misses you.
You hit the troll.
The troll is lightly wounded.
The troll bites you but does no damage. The troll closely misses you.
The troll barely misses you.
You barely miss the troll.
The troll is lightly wounded.
The troll bites you!
* * * LOW HITPOINT WARNING * * *
The troll closely misses you. The troll misses you. The troll bites you!
You die...

#*#.## , .,... ..,,, *
###.##########.######.
#..............#....#!# #.#.#
* #............* *
#.#)#########.......#.#.
..)[....................
#.######.........T...>###
#...............@........
########.######.#####.###
.........# #.#..##.#######
.######..######.#..##.#.....#
#####*#.................###.##
.............................#
#####**#.######.............##
########.######....##.#####.#
....)........##....##.# #.#


You could see a troll.

Vanquished Creatures
  3 big kobolds (D:3)
  A giant frog zombie (D:5)
  A worker ant (D:5)
  3 orc wizards
  A big kobold skeleton (D:5)
  5 adders
  10 gnolls
  An orc zombie (D:5)
  A giant mite (D:2)
  An inept feature mimic (D:2)
  A shadow imp (D:5)
  2 worms
  3 giant geckos
  An ooze (D:4)
  6 orcs
  A ball python (D:2)
  A bat skeleton (D:4)
  3 giant cockroaches
  3 goblins
  9 hobgoblins
  6 jackals
  7 bats
  4 giant newts
  A jackal skeleton (D:4)
  43 kobolds
  10 rats
  A rat skeleton (D:4)
129 creatures vanquished.

Notes
Turn   | Place    | Note
--------------------------------------------------------------
     0 | D:1      | staplegun, the Deep Dwarf Berserker, began the quest for the Orb.
     0 | D:1      | Reached XP level 1. HP: 20/20 MP: 1/1
   194 | D:1      | Reached XP level 2. HP: 18/27 MP: 2/2
   889 | D:2      | Reached XP level 3. HP: 25/34 MP: 3/3
   914 | D:2      | Acquired Trog's second power
  1090 | D:2      | Reached XP level 4. HP: 22/42 MP: 4/4
  1413 | D:3      | Noticed a big kobold
  1423 | D:3      | Killed a big kobold
  1423 | D:3      | Reached skill level 4 in Maces & Flails
  1423 | D:3      | Reached XP level 5. HP: 26/50 MP: 5/5
  1434 | D:3      | Noticed a big kobold
  1435 | D:3      | Noticed a big kobold
  1456 | D:3      | Killed a big kobold
  1474 | D:3      | Killed a big kobold
  1474 | D:3      | Reached XP level 6. HP: 15/57 MP: 6/6
  1726 | D:3      | Found a deep blue altar of Sif Muna.
  2481 | D:3      | Reached skill level 5 in Armour
  2572 | D:4      | Reached skill level 5 in Maces & Flails
  2952 | D:4      | Found a glowing silver altar of Zin.
  2956 | D:4      | Noticed an angel
  3104 | D:4      | Reached XP level 7. HP: 66/66 MP: 6/6
  3139 | D:5      | Entered Level 5 of the Dungeon
  3609 | D:5      | Noticed a troll
  3616 | D:5      | Slain by a troll

Action                   |  1- 3 |  4- 6 |  7- 9 || total
-------------------------+-------+-------+-------++-------
Melee: Mace              |   116 |   255 |   140 ||   511
Invok: Trog's Hand       |       |     2 |       ||     2
       Berserk           |       |     1 |       ||     1
 Abil: Device Recharging |       |     1 |     2 ||     3
Evoke: Wand              |     1 |     7 |     2 ||    10
  Use: Potion            |       |     9 |       ||     9
       Scroll            |       |       |    10 ||    10
 Stab: Sleeping          |     1 |     1 |       ||     2
